Map: Crimson Court LE

Players

ManlyManMeat - Winner!

  • Race: Zerg Zerg
  • Spawn Location: 1:00

VOD

Have the link to the VOD?

Description

Time

  • Played on: Sept. 11, 2024, 4:12 a.m.
  • Length: 13:06
Show
View Real Time Build Order
Export as new Build Order

ManlyManMeat Zerg - Winner!

Build Orders:  

Get SALT Encoding   

  12  0:01  Drone  
  13  0:11  Drone  
  14  0:25  Overlord  
  14  0:50  Drone x2  
  16  1:08  Drone  
  17  1:17  Hatchery  
  16  1:29  Extractor, Drone x2  
  17  1:49  Spawning Pool  
  16  1:53  Drone  
  17  2:03  Drone  
  17  2:09  Drone  
  19  2:23  Drone  
  20  2:38  Drone  
  21  2:52  Overlord  
  21  2:57  Queen  
  21  2:59  Queen  
  25  3:03  Drone  
  26  3:18  Drone x2  
  28  3:43  Overlord  
  28  3:44  Hatchery  
  28  3:47  Overlord  
  27  4:04  Drone x4  
  31  4:34  Drone x4  
  31  4:35  Drone x3  
  38  4:41  Zergling x8  
  42  5:01  Queen  
  42  5:07  Zergling x6  
  47  5:26  Drone x3  
  47  5:27  Drone  
  51  5:48  Drone x5  
  51  5:49  Drone x2  
  58  5:55  Extractor  
  58  5:57  Drone  
  58  5:59  Metabolic Boost  
  58  6:01  Overlord  
  58  6:02  Overlord  
  58  6:22  Overlord  
  58  6:23  Overlord  
  58  6:24  Overlord  
  58  6:25  Overlord  
  58  6:30  Drone x2  
  58  6:31  Drone  
  58  6:35  Drone x2  
  63  6:57  Drone x2  
  63  6:58  Drone x6  
  71  7:13  Hatchery x2  
  71  7:19  Baneling Nest  
  68  7:22  Drone x3  
  68  7:23  Drone, Evolution Chamber  
  68  7:27  Drone  
  68  7:28  Evolution Chamber  
  71  7:37  Overlord  
  71  7:38  Overlord  
  71  7:40  Zergling x14  
  78  8:42  Lair  
  78  9:03  Zergling x6  
  78  9:04  Zergling x10  
  78  9:05  Zergling x10  
  78  9:06  Zergling x4  
  93  9:22  Hatchery  
  92  9:41  Zergling x2  
  92  9:42  Zergling x40  
  92  9:49  Overlord  
  113  9:50  Overlord  
  113  9:51  Centrifugal Hooks, Overlord  
  113  9:57  Zerg Melee Weapons Level 1  
  113  9:58  Zerg Ground Armor Level 1  
  111  10:20  Baneling x15  
  111  10:31  Extractor  
  111  10:33  Extractor  
  111  10:36  Extractor x2  
  107  10:44  Zergling x42  
  107  10:49  Baneling x3  
  128  10:51  Baneling  
  128  11:12  Overlord  
  128  11:13  Overlord  
  128  11:14  Overlord x2  
  128  11:15  Overlord  
  128  11:16  Overlord  
  128  11:18  Zergling x14  
  135  11:53  Baneling x3  
  135  11:54  Baneling x6  
  132  12:18  Zergling x52  
  132  12:19  Zergling x2  
Tags
 
Matchup
Co-op
Replay Pack
ee
Add a new tag
Caveats
  • Supply blocks, unpowered buildings, or Contaminate may cause inaccurate times.
  • Supply counts are checked every 10 seconds.